[ AOE2 MATCH · #495346461 ]
UnrankedWei vs Shu
Player's team · LOSS
Rival team · WIN
[ REPLAY ANALYSIS · EXTRACTED FROM THE RECORDED GAME ]
Feudal
11:30
Castle
24:52
Imperial
43:22
| APM avg | 46.9 |
| APM peak | 77 |
| eAPM avg | 25.6 |
| Villagers / military | 128 / 230 |
Focus
⚔️ 42.3% · 🌾 57.7%
Skirmisher ×97 · Scout Cavalry ×97 · Unknown (1949) ×38 · Archer ×31 · Unknown (1944) ×25 · Militia ×4
Feudal
9:47
Castle
23:23
Imperial
42:53
| APM avg | 58.2 |
| APM peak | 118 |
| eAPM avg | 30.6 |
| Villagers / military | 156 / 274 |
Focus
⚔️ 59.8% · 🌾 40.2%
Archer ×142 · Skirmisher ×91 · Spearman ×34 · Unknown (1959) ×17 · Unknown (1942) ×9 · Militia ×4
Match map
Initial resources + every placement click. Lines = walls · curves = elevation contours. ◆ gold · ⬟ stone · ● berries · ✦ relic · ◌ wall gap
Your base· Open — unwalled flank
Ux'Double D's base· Open — 6t gap
Smoothed initial terrain · ◌ = detected wall gap · hover for details
Inputs per minute
— KLOAKAN - - Ux'Double D
Build order — KLOAKAN
First 150 of 625 actions detected
| 0:00 | Queue | Villager (Male) |
| 0:01 | Queue | Villager (Male) |
| 0:01 | Queue | Villager (Male) |
| 0:02 | Build | House |
| 0:03 | Build | House |
| 0:37 | Queue | Villager (Male) |
| 0:37 | Queue | Villager (Male) |
| 1:26 | Queue | Villager (Male) |
| 1:52 | Build | Lumber Camp |
| 2:07 | Queue | Villager (Male) |
| 2:07 | Queue | Villager (Male) |
| 2:17 | Queue | Villager (Male) |
| 2:48 | Queue | Villager (Male) |
| 3:05 | Queue | Villager (Male) |
| 3:33 | Queue | Villager (Male) |
| 3:33 | Queue | Villager (Male) |
| 3:51 | Queue | Villager (Male) |
| 4:05 | Build | House |
| 4:06 | Build | House |
| 4:43 | Queue | Villager (Male) |
| 4:43 | Queue | Villager (Male) |
| 4:58 | Build | Barracks |
| 5:10 | Build | House |
| 5:30 | Queue | Villager (Male) |
| 5:49 | Queue | Villager (Male) |
| 6:04 | Queue | Militia |
| 6:04 | Queue | Militia |
| 6:05 | Queue | Militia |
| 6:27 | Queue | Villager (Male) |
| 6:27 | Queue | Villager (Male) |
| 6:31 | Queue | Militia |
| 6:48 | Queue | Villager (Male) |
| 7:25 | Build | Mill |
| 7:32 | Queue | Villager (Male) |
| 7:32 | Queue | Villager (Male) |
| 7:44 | Build | Mill |
| 8:00 | Queue | Villager (Male) |
| 8:12 | Research | Loom |
| 9:20 | Research | Feudal Age |
| 9:28 | Build | Lumber Camp |
| 9:55 | Build | Mining Camp |
| 10:24 | Queue | Villager (Male) |
| 10:46 | Build | House |
| 10:48 | Build | Palisade Wall |
| 11:18 | Build | Palisade Wall |
| 11:19 | Build | Palisade Wall |
| 11:30 | Age | Feudal Age |
| 11:31 | Build | Palisade Wall |
| 11:37 | Build | Archery Range |
| 11:41 | Build | Archery Range |
| 11:49 | Queue | Villager (Male) |
| 11:56 | Queue | Spearman |
| 12:22 | Queue | Villager (Male) |
| 12:24 | Queue | Archer |
| 12:24 | Queue | Archer |
| 12:25 | Queue | Archer |
| 12:34 | Research | Double-Bit Axe |
| 12:38 | Queue | Archer |
| 12:45 | Research | Horse Collar |
| 12:49 | Build | Farm |
| 12:57 | Queue | Archer |
| 12:57 | Queue | Archer |
| 13:23 | Build | Farm |
| 13:26 | Queue | Archer |
| 13:28 | Queue | Villager (Male) |
| 13:40 | Build | Blacksmith |
| 13:48 | Queue | Archer |
| 14:01 | Build | Blacksmith |
| 14:04 | Queue | Villager (Male) |
| 14:05 | Queue | Archer |
| 14:09 | Build | House |
| 14:11 | Research | Town Watch |
| 14:47 | Queue | Archer |
| 14:47 | Queue | Archer |
| 14:48 | Queue | Villager (Male) |
| 14:51 | Build | Farm |
| 14:55 | Build | Farm |
| 15:04 | Queue | Villager (Male) |
| 15:06 | Queue | Archer |
| 15:10 | Build | Farm |
| 15:14 | Build | Farm |
| 15:15 | Queue | Archer |
| 15:15 | Queue | Archer |
| 15:28 | Build | House |
| 16:21 | Queue | Archer |
| 16:21 | Queue | Archer |
| 16:23 | Research | Fletching |
| 16:24 | Queue | Villager (Male) |
| 16:32 | Build | Farm |
| 16:34 | Build | Farm |
| 16:36 | Build | Farm |
| 16:40 | Queue | Archer |
| 16:40 | Queue | Archer |
| 16:50 | Research | Padded Archer Armor |
| 17:12 | Queue | Villager (Male) |
| 17:12 | Queue | Villager (Male) |
| 17:15 | Build | Farm |
| 17:18 | Build | Farm |
| 17:22 | Queue | Archer |
| 17:22 | Queue | Archer |
| 17:55 | Queue | Villager (Male) |
| 17:55 | Queue | Villager (Male) |
| 18:07 | Queue | Villager (Male) |
| 18:08 | Queue | Archer |
| 18:09 | Queue | Archer |
| 18:09 | Queue | Archer |
| 18:09 | Queue | Archer |
| 18:13 | Research | Gold Mining |
| 18:28 | Research | Wheelbarrow |
| 18:30 | Build | House |
| 18:38 | Queue | Villager (Male) |
| 18:45 | Build | Farm |
| 18:55 | Queue | Archer |
| 18:55 | Queue | Archer |
| 19:48 | Queue | Villager (Male) |
| 20:06 | Queue | Skirmisher |
| 20:06 | Queue | Skirmisher |
| 20:12 | Build | Farm |
| 20:17 | Build | Farm |
| 20:23 | Build | Farm |
| 20:26 | Build | Farm |
| 20:30 | Build | Farm |
| 20:31 | Queue | Villager (Male) |
| 20:34 | Queue | Skirmisher |
| 20:37 | Build | House |
| 20:51 | Build | Farm |
| 21:03 | Queue | Villager (Male) |
| 21:10 | Build | Farm |
| 21:13 | Build | Farm |
| 21:21 | Queue | Skirmisher |
| 21:22 | Queue | Skirmisher |
| 21:49 | Queue | Skirmisher |
| 21:49 | Queue | Skirmisher |
| 21:58 | Build | House |
| 22:12 | Research | Castle Age |
| 22:52 | Queue | Skirmisher |
| 22:52 | Queue | Skirmisher |
| 23:08 | Build | Stable |
| 23:10 | Build | Stable |
| 23:15 | Research | Scale Barding Armor |
| 23:19 | Queue | Skirmisher |
| 23:19 | Queue | Skirmisher |
| 24:08 | Build | Watch Tower |
| 24:31 | Queue | Villager (Male) |
| 24:34 | Queue | Skirmisher |
| 24:34 | Queue | Skirmisher |
| 24:52 | Age | Castle Age |
| 24:59 | Queue | Unit 1944 |
| 24:59 | Queue | Unit 1944 |
| 24:59 | Queue | Unit 1944 |
Build order — Ux'Double D
First 150 of 636 actions detected
| 0:01 | Queue | Villager (Male) |
| 0:01 | Queue | Villager (Male) |
| 0:01 | Queue | Villager (Male) |
| 0:02 | Build | House |
| 0:02 | Queue | Villager (Male) |
| 0:03 | Build | House |
| 1:19 | Queue | Villager (Male) |
| 1:45 | Queue | Villager (Male) |
| 2:28 | Queue | Villager (Male) |
| 2:45 | Queue | Villager (Male) |
| 2:55 | Build | Lumber Camp |
| 3:11 | Queue | Villager (Male) |
| 3:29 | Build | House |
| 3:43 | Queue | Villager (Male) |
| 3:45 | Queue | Villager (Male) |
| 4:02 | Queue | Villager (Male) |
| 4:06 | Build | House |
| 4:34 | Queue | Villager (Male) |
| 4:39 | Queue | Villager (Male) |
| 4:53 | Queue | Villager (Male) |
| 5:37 | Build | Mill |
| 5:38 | Queue | Villager (Male) |
| 5:52 | Queue | Villager (Male) |
| 6:09 | Queue | Villager (Male) |
| 6:10 | Research | Loom |
| 6:23 | Queue | Villager (Male) |
| 6:27 | Queue | Villager (Male) |
| 6:37 | Queue | Villager (Male) |
| 7:12 | Queue | Villager (Male) |
| 7:21 | Build | Barracks |
| 7:23 | Queue | Villager (Male) |
| 7:37 | Research | Feudal Age |
| 7:37 | Research | Feudal Age |
| 7:53 | Queue | Villager (Male) |
| 7:58 | Queue | Villager (Male) |
| 8:16 | Queue | Villager (Male) |
| 8:18 | Build | House |
| 8:19 | Queue | Militia |
| 8:19 | Queue | Militia |
| 8:33 | Build | Mining Camp |
| 8:56 | Queue | Villager (Male) |
| 9:09 | Queue | Militia |
| 9:22 | Queue | Villager (Male) |
| 9:31 | Build | House |
| 9:34 | Build | Palisade Wall |
| 9:47 | Age | Feudal Age |
| 9:59 | Queue | Villager (Male) |
| 10:13 | Queue | Villager (Male) |
| 10:17 | Build | Mill |
| 11:12 | Build | Archery Range |
| 11:15 | Queue | Villager (Male) |
| 12:08 | Queue | Villager (Male) |
| 12:09 | Queue | Archer |
| 12:21 | Queue | Archer |
| 12:30 | Queue | Villager (Male) |
| 12:32 | Queue | Villager (Male) |
| 12:34 | Build | Farm |
| 12:39 | Build | Farm |
| 12:40 | Queue | Villager (Male) |
| 12:43 | Build | House |
| 12:44 | Build | House |
| 12:59 | Queue | Villager (Male) |
| 13:01 | Build | Farm |
| 13:02 | Queue | Villager (Male) |
| 13:08 | Research | Double-Bit Axe |
| 13:08 | Research | Double-Bit Axe |
| 13:15 | Build | Farm |
| 13:19 | Queue | Archer |
| 13:27 | Queue | Villager (Male) |
| 13:35 | Queue | Villager (Male) |
| 13:41 | Queue | Villager (Male) |
| 13:44 | Queue | Spearman |
| 14:07 | Queue | Villager (Male) |
| 14:07 | Queue | Archer |
| 14:14 | Queue | Villager (Male) |
| 14:48 | Queue | Villager (Male) |
| 14:49 | Queue | Archer |
| 14:55 | Build | Archery Range |
| 14:59 | Queue | Villager (Male) |
| 15:01 | Build | Blacksmith |
| 15:02 | Queue | Villager (Male) |
| 15:03 | Build | Farm |
| 15:07 | Queue | Archer |
| 15:16 | Queue | Villager (Male) |
| 15:20 | Build | House |
| 15:21 | Build | Palisade Wall |
| 15:24 | Queue | Villager (Male) |
| 15:27 | Queue | Archer |
| 15:27 | Queue | Archer |
| 15:29 | Queue | Villager (Male) |
| 15:35 | Build | Farm |
| 15:36 | Queue | Archer |
| 15:44 | Build | House |
| 15:55 | Research | Fletching |
| 15:56 | Research | Fletching |
| 16:16 | Queue | Archer |
| 16:17 | Queue | Villager (Male) |
| 16:22 | Queue | Archer |
| 16:30 | Queue | Villager (Male) |
| 16:34 | Build | Farm |
| 16:38 | Build | Farm |
| 16:46 | Build | House |
| 16:51 | Queue | Villager (Male) |
| 17:00 | Queue | Archer |
| 17:00 | Queue | Archer |
| 17:06 | Queue | Archer |
| 17:06 | Queue | Archer |
| 17:11 | Queue | Skirmisher |
| 17:11 | Queue | Skirmisher |
| 17:16 | Queue | Villager (Male) |
| 17:26 | Queue | Archer |
| 17:26 | Queue | Archer |
| 18:00 | Queue | Skirmisher |
| 18:02 | Queue | Skirmisher |
| 18:03 | Queue | Skirmisher |
| 18:08 | Build | House |
| 18:13 | Queue | Skirmisher |
| 18:17 | Queue | Skirmisher |
| 18:17 | Queue | Skirmisher |
| 18:20 | Build | Palisade Wall |
| 18:37 | Research | Padded Archer Armor |
| 18:37 | Research | Padded Archer Armor |
| 18:41 | Queue | Skirmisher |
| 18:45 | Build | House |
| 18:47 | Build | House |
| 18:48 | Queue | Skirmisher |
| 18:51 | Queue | Villager (Male) |
| 18:54 | Queue | Villager (Male) |
| 19:00 | Build | Market |
| 19:01 | Queue | Skirmisher |
| 19:05 | Queue | Villager (Male) |
| 19:46 | Queue | Archer |
| 19:47 | Queue | Archer |
| 20:00 | Build | Lumber Camp |
| 20:09 | Build | Palisade Wall |
| 20:18 | Build | Farm |
| 20:18 | Queue | Villager (Male) |
| 20:37 | Research | Castle Age |
| 20:37 | Research | Castle Age |
| 20:44 | Queue | Villager (Male) |
| 21:04 | Queue | Archer |
| 21:05 | Queue | Archer |
| 21:15 | Queue | Archer |
| 21:15 | Queue | Skirmisher |
| 21:24 | Queue | Skirmisher |
| 21:34 | Queue | Archer |
| 21:34 | Queue | Skirmisher |
| 21:43 | Queue | Villager (Male) |
| 21:49 | Build | Lumber Camp |
| 21:53 | Queue | Skirmisher |
Match timeline
| 4:58 | KLOAKAN · first_building Barracks |
| 7:21 | Ux'Double D · first_building Barracks |
| 9:34 | Ux'Double D · wall_segment Palisade Wall x1 |
| 9:47 | Ux'Double D · age_up feudal |
| 10:48 | KLOAKAN · wall_segment Palisade Wall x1 |
| 11:12 | Ux'Double D · first_building Archery Range |
| 11:18 | KLOAKAN · wall_segment Palisade Wall x1 |
| 11:19 | KLOAKAN · wall_segment Palisade Wall x1 |
| 11:30 | KLOAKAN · age_up feudal |
| 11:31 | KLOAKAN · wall_segment Palisade Wall x1 |
| 11:37 | KLOAKAN · first_building Archery Range |
| 15:21 | Ux'Double D · wall_segment Palisade Wall x5 |
| 18:20 | Ux'Double D · wall_segment Palisade Wall x2 |
| 20:09 | Ux'Double D · wall_segment Palisade Wall x16 |
| 20:23 | Ux'Double D · first_market_buy 100 food |
| 23:08 | KLOAKAN · first_building Stable |
| 23:23 | Ux'Double D · age_up castle |
| 24:52 | KLOAKAN · age_up castle |
| 27:33 | Ux'Double D · wall_segment Palisade Wall x1 |
| 28:07 | Ux'Double D · first_building Monastery |
| 29:30 | Ux'Double D · first_building Siege Workshop |
| 31:57 | Ux'Double D · first_market_sell 100 wood |
| 33:49 | Ux'Double D · wall_segment Palisade Wall x1 |
| 36:36 | KLOAKAN · first_building Castle |
| 38:04 | Ux'Double D · first_building Castle |
| 38:23 | Ux'Double D · wall_segment Palisade Wall x1 |
| 39:21 | Ux'Double D · wall_segment Palisade Wall x1 |
| 41:13 | KLOAKAN · wall_segment Stone Wall x8 |
| 42:28 | Ux'Double D · wall_segment Stone Wall x13 |
| 42:31 | Ux'Double D · wall_segment Stone Wall x24 |
| 42:53 | Ux'Double D · age_up imperial |
| 43:22 | KLOAKAN · age_up imperial |
| 44:04 | KLOAKAN · first_market_sell 100 food |
| 44:59 | Ux'Double D · wall_segment Stone Wall x16 |
| 48:12 | KLOAKAN · first_building Siege Workshop |
| 49:15 | Ux'Double D · wall_segment Stone Wall x9 |
| 52:24 | KLOAKAN · resign |
[ AI ANALYSIS · 1 CREDIT ]
What really happened in this match?
Wolo.gg analyzes every decision: build order, eco, micro, common mistakes by bracket. Personalized analysis on WhatsApp or Discord in 30 seconds.
Civ guide
Wei
Perfil
Jugador #381421